 Dungeon Crawl Stone Soup version 0.23.2-1-ga50397a6bc (webtiles) character file.

Game seed: 9506330401041720415

276514 FluffierThanThou the Slayer (level 19, -8/189 HPs)
             Began as a Minotaur Fighter on May 23, 2019.
             Was a High Priest of Okawaru.
             Killed by drain life
             ... invoked by a soul eater
             ... summoned by a deep elf demonologist
              (21 damage)
             ... on level 3 of the Elven Halls on May 24, 2019.
             The game lasted 01:56:21 (35085 turns).

FluffierThanThou the Slayer (Minotaur Fighter)     Turns: 35085, Time: 01:56:22

Health: -8/189     AC: 39    Str: 30    XL:     19   Next: 58%
Magic:  22/28      EV: 10    Int:  5    God:    Okawaru [*****.]
Gold:   4304       SH: 17    Dex: 12    Spells: 18/18 levels left

rFire    + . .     SeeInvis +   M - +9 scimitar "Beetleslayer" {protect, rElec rC- MR+++}
rCold    . . .     Gourm    .   R - +0 shield {reflect}
rNeg     . . .     Faith    .   P - +11 crystal plate armour of the Stars {+Inv}
rPois    .         Spirit   .   c - +1 hat
rElec    +         Reflect  +   Z - scarf {rC+ rF+}
rCorr    .         Harm     .   o - +0 pair of gloves
MR       +++++                  A - +2 pair of boots
Stlth    ..........             k - amulet "Ola Dad" {Acrobat rElec MR++}
HPRegen  0.41/turn              Y - ring of see invisible
MPRegen  0.21/turn              H - +5 ring of strength

@: lethally poisoned (-8 -> -10), about to teleport, heroism, finesse, corroded,
very slightly contaminated, hasted, invisible, very quick
A: retaliatory headbutt, horns 2, weak 1
}: 2/15 runes: decaying, gossamer
a: Heroism, Finesse, Renounce Religion


You were on level 3 of the Elven Halls.
You worshipped Okawaru.
Okawaru was extremely pleased with you.
You were hungry.

You visited 7 branches of the dungeon, and saw 35 of its levels.
You also visited: Sewer, Bailey and Volcano.

You collected 4490 gold pieces.
You spent 186 gold pieces at shops.

Inventory:

Hand Weapons
 M - the +9 scimitar "Beetleslayer" (weapon) {protect, rElec rC- MR+++}
   (You found it on level 2 of the Swamp)

   It protects the one who uses it against injury (+AC on strike).
   It makes you vulnerable to cold.
   It insulates you from electricity.
   It affects your resistance to hostile enchantments.
Missiles
 L - 2 throwing nets (quivered) {!f}
Armour
 c - a +1 hat (worn)
   (Okawaru gifted it to you on level 1 of the Swamp)
 o - a +0 pair of gloves (worn)
   (You found it on level 1 of the Lair of Beasts)
 A - a +2 pair of boots (worn)
   (You found it on level 3 of the Dungeon)
 P - the +11 crystal plate armour of the Stars (worn) {+Inv}
   (You found it in a bailey)

   It lets you turn invisible.
 R - a +0 shield of reflection (worn)
   (You found it in a bailey)
 Z - a scarf of resistance (worn)
   (Okawaru gifted it to you on level 13 of the Dungeon)
Jewellery
 b - the ring of the Lich-sworn {+Inv rPois MR+}
   (You found it on level 1 of the Lair of Beasts)

   [ring of protection from magic]

   It protects you from poison.
   It affects your resistance to hostile enchantments.
   It lets you turn invisible.
 k - the amulet "Ola Dad" (around neck) {Acrobat rElec MR++}
   (You found it on level 6 of the Lair of Beasts)

   [amulet of the acrobat]

   It helps you evade while moving and waiting.
   It insulates you from electricity.
   It affects your resistance to hostile enchantments.
 l - a +6 ring of protection
   (You found it on level 1 of the Dungeon)
 B - the amulet of Kisi {Gourm rElec rPois}
   (You found it on level 4 of the Spider Nest)

   [amulet of the gourmand]

   It allows you to eat raw meat even when not hungry.
   It insulates you from electricity.
   It protects you from poison.
 C - an uncursed amulet of magic regeneration {unknown}
   (You found it on level 2 of the Spider Nest)
 H - a +5 ring of strength (right hand)
   (You found it on level 6 of the Dungeon)
 Y - a ring of see invisible (left hand)
   (You found it on level 1 of the Lair of Beasts)
Wands
 d - a wand of disintegration (26)
   (You found it on level 8 of the Dungeon)
 v - a wand of scattershot (6)
   (You found it on level 1 of the Swamp)
 G - a wand of polymorph (32)
   (You found it on level 6 of the Dungeon)
 I - a wand of iceblast (7)
   (You found it on level 7 of the Dungeon)
 N - a wand of paralysis (23)
   (You took it off a gnoll on level 8 of the Dungeon)
 O - a wand of clouds (6)
   (You found it on level 1 of the Lair of Beasts)
 V - a wand of acid (41)
   (You found it on level 11 of the Dungeon)
Scrolls
 i - 19 scrolls of teleportation {@r4}
 n - 5 scrolls of identify {@r1}
 q - 7 scrolls of fog
 r - 5 scrolls of enchant armour
 t - 5 scrolls of fear
 w - 8 scrolls of enchant weapon
 x - 20 scrolls of remove curse {@r2}
 y - 3 scrolls of immolation {!r}
 F - 3 scrolls of magic mapping
 K - 4 scrolls of holy word
 T - a scroll of silence {unknown}
 X - a scroll of summoning
Potions
 a - 3 potions of agility
 g - 4 potions of mutation {!q}
 h - a potion of haste {@q3}
 j - 4 potions of curing {@q1}
 p - 2 potions of might
 s - 8 potions of resistance
 u - 6 potions of lignification {!q}
 z - a potion of invisibility
 D - 3 potions of cancellation {unknown}
 J - 4 potions of flight
 Q - 10 potions of ambrosia
Comestibles
 e - 63 rations {!d}


   Skills:
 + Level 21.0(26.0) Fighting
   Level 12.4(20.6) Short Blades
 + Level 17.0(23.6) Long Blades
 + Level 18.4(23.4) Armour
 - Level 15.0(20.0) Shields
 + Level 14.2 Invocations
 - Level 10.0 Evocations


You had 18 spell levels left.
You didn't know any spells.
Your spell library contained the following spells:

 Spells                   Type           Power        Failure   Level  Hunger
 Animate Skeleton         Necr           N/A          98%         1    ##.....
 Beastly Appendage        Tmut           #.....       98%         1    ##.....
 Confusing Touch          Hex            #.....       98%         1    ##.....
 Corona                   Hex            #......      98%         1    ##.....
 Flame Tongue             Conj/Fire      #....        98%         1    ##.....
 Freeze                   Ice            #...         98%         1    ##.....
 Infusion                 Chrm           #...         98%         1    ##.....
 Magic Dart               Conj           #...         98%         1    ##.....
 Pain                     Necr           #...         98%         1    ##.....
 Sandblast                Erth           #.....       98%         1    ##.....
 Blink                    Tloc           N/A          99%         2    ###....
 Call Imp                 Summ           #.......     99%         2    ###....
 Corpse Rot               Necr           N/A          99%         2    ###....
 Ensorcelled Hibernation  Hex/Ice        #.....       99%         2    ###....
 Passwall                 Tmut/Erth      #.......     99%         2    ###....
 Shroud of Golubria       Chrm/Tloc      #.........   99%         2    ###....
 Slow                     Hex            #.......     99%         2    ###....
 Song of Slaying          Chrm           #.......     99%         2    ###....
 Sticks to Snakes         Tmut           #.......     99%         2    ###....
 Swiftness                Chrm/Air       #.......     99%         2    ###....
 Throw Flame              Conj/Fire      #.....       99%         2    ###....
 Throw Frost              Conj/Ice       #.....       99%         2    ###....
 Confuse                  Hex            #.......     100%        3    ####...
 Conjure Flame            Conj/Fire      #.......     100%        3    ####...
 Dazzling Spray           Conj/Hex       #.....       100%        3    ####...
 Gell's Gravitas          Tloc           #.........   100%        3    ####...
 Inner Flame              Hex/Fire       #.......     100%        3    ####...
 Mephitic Cloud           Conj/Pois/Air  #.......     100%        3    ####...
 Ozocubu's Armour         Chrm/Ice       #.......     100%        3    ####...
 Regeneration             Chrm/Necr      #.........   100%        3    ####...
 Spectral Weapon          Hex/Chrm       #.......     100%        3    ####...
 Spider Form              Tmut/Pois      #.........   100%        3    ####...
 Static Discharge         Conj/Air       #.......     100%        3    ####...
 Stone Arrow              Conj/Erth      #.....       100%        3    ####...
 Tukima's Dance           Hex            #.......     100%        3    ####...
 Vampiric Draining        Necr           #.........   100%        3    ####...
 Animate Dead             Necr           N/A          100%        4    #####..
 Ice Form                 Ice/Tmut       #.......     100%        4    #####..
 Leda's Liquefaction      Hex/Erth       #.........   100%        4    #####..
 Petrify                  Tmut/Erth      #.......     100%        4    #####..
 Sticky Flame             Conj/Fire      #.......     100%        4    #####..
 Summon Ice Beast         Ice/Summ       #.......     100%        4    #####..
 Throw Icicle             Conj/Ice       #.......     100%        4    #####..
 Blade Hands              Tmut           #.........   100%        5    ######.
 Fireball                 Conj/Fire      #.........   100%        5    ######.
 Lee's Rapid Deconstruct  Erth           #.........   100%        5    ######.
 Lightning Bolt           Conj/Air       #.........   100%        5    ######.
 Metabolic Englaciation   Hex/Ice        #.........   100%        5    ######.
 Summon Forest            Summ/Tloc      #.........   100%        5    ######.
 Yara's Violent Unravell  Hex/Tmut       #.........   100%        5    ######.
 Hydra Form               Tmut           #.........   100%        6    #######
 Dragon Form              Tmut           #.........   100%        7    #######
 Haunt                    Necr/Summ      #.........   100%        7    #######
 Summon Hydra             Summ           #.........   100%        7    #######
 Borgnjor's Revivificati  Necr           #.........   100%        8    #######
 Death's Door             Chrm/Necr      #.........   100%        8    #######
 Ignition                 Fire           #.........   100%        8    #######
 Infestation              Necr           #.........   100%        8    #######
 Necromutation            Tmut/Necr      #.........   100%        8    #######
 Shatter                  Erth           #.........   100%        9    #######
 Tornado                  Air            #.........   100%        9    #######


Dungeon Overview and Level Annotations

Branches:
Dungeon (15/15)            Temple (1/1) D:7            Lair (6/6) D:9
  Swamp (4/4) Lair:2       Spider (4/4) Lair:2        Slime (0/5) Lair:6
    Orc (2/2) D:11            Elf (3/3) Orc:2        Vaults (0/5) D:14
 Depths (0/5) D:15

Altars:
Cheibriados
Dithmenos
Elyvilon
Fedhas
Gozag
Hepliaklqana
Kikubaaqudgha
Makhleb
Nemelex Xobeh
Okawaru
Qazlal
Sif Muna
Trog
Uskayaw
Vehumet
Wu Jian
Xom
Yredelemnul
Zin
The Shining One
Beogh

Shops:
D:5 *   D:11 ?   Orc:2 ?:%!   Elf:2 *   Elf:3 }=}

Portals:
Trove: D:15 (give +5 demon blade)

Annotations:
D:7 exclusion: ice statue


Innate Abilities, Weirdness & Mutations

You reflexively headbutt those who attack you in melee.
You have a pair of horns on your head.
You are weak. (Str -2)


Message History

The deep elf mage seems less brilliant. x2
The deep elf archer seems less brilliant.
The deep elf mage seems less brilliant.
The deep elf sorcerer hits you but does no damage.
The deep elf mage points at the deep elf sorcerer and mumbles some strange words.
You block the sixfirhy's attack.
The deep elf sorcerer hits you with a cursed -1 dagger.
* * * LOW HITPOINT WARNING * * *
You feel yourself speed up.
You feel sick. You block the sixfirhy's attack. x2
The sixfirhy hits you but does no damage.
The deep elf sorcerer misses you.
The deep elf sorcerer is empowered by the deep elf high priest's aura!
The deep elf demonologist is empowered by the deep elf high priest's aura!
The deep elf annihilator is empowered by the deep elf high priest's aura!
The deep elf mage is empowered by the deep elf high priest's aura! x2
The deep elf archer is empowered by the deep elf high priest's aura!
The deep elf mage is empowered by the deep elf high priest's aura!
You feel much better.
The deep elf sorcerer shouts, "You are history!"
The deep elf sorcerer hits you but does no damage.
The Tzitzimitl calls on the powers of darkness!
The deep elf demonologist convulses!
The deep elf sorcerer convulses!
Your body is wracked with pain!
* * * LOW HITPOINT WARNING * * *
Something is bathed in an unholy light!
The deep elf annihilator mumbles some strange words.
The deep elf annihilator blinks!
As you read the scroll of fog, it crumbles to dust.
The scroll dissolves into smoke.
You feel sick.
The deep elf sorcerer hits you but does no damage.
The deep elf demonologist gestures wildly while chanting.
The deep elf high priest utters an invocation to its god.
The deep elf high priest begins emitting a brilliant aura!
You feel sick.
The sixfirhy hits you but does no damage.
You feel sick.
The deep elf sorcerer seems less brilliant.
You block the sixfirhy's attack. x2
The sixfirhy completely misses you. You furiously retaliate!
You headbutt the sixfirhy!
You feel sick.
The deep elf sorcerer points at you and mumbles some strange words.
The bolt of acid hits you!!
* * * LOW HITPOINT WARNING * * *
The acid corrodes you!
You are splashed with acid!
* * * LOW HITPOINT WARNING * * *
As you read the scroll of teleportation {@r4}, it crumbles to dust.
You feel strangely unstable.
The soul eater draws from the surrounding life force!
You die...

###....#2e##.#
##...##§e1.#
#... #§§§.#
#.e. #§2§§#
#... ##§§§#
.e.. #2§§#
#3§3# #e§§#
#####@..#
####.......#
###..........#
##.......#....#
#........##..##
##.....####...#
#....#..##....#
#...###......##
##..###.......#


You could see a cacodemon, a deep elf sorcerer, a soul eater and a sixfirhy.

Vanquished Creatures
  Bai Suzhen (Spider:3)
  Arachne (Spider:3)
  Jorgrun (Spider:3)
  Rupert (Lair:6)
  A deep elf blademaster (Elf:2)
  The ghost of Kyerol the Warrior, an adept TeSu of Ashenzari (Elf:2)
  The ghost of CedricTheThird the Severer, an adept DDMo of Elyvilon (Spider:3)
  Frances (D:13)
  The ghost of Tugamomp the Bludgeoner, an adept MiFi of Qazlal (Spider:3)
  A deep elf sorcerer (Elf:3)
  The ghost of gre3edy the Black Belt, an adept DsGl of Wu Jian (Swamp:4)
  5 emperor scorpions
  3 ghost moths
  An orc warlord (D:12)
  3 deep elf elementalists
  The ghost of Svkov the Unseen, an adept SpEn of Dithmenos (Swamp:2)
  2 stone giants
  3 entropy weavers (Spider:2)
  2 very ugly things
  2 minotaurs (Elf:2)
  2 deep elf demonologists
  4 deep elf annihilators
  Azrael (D:13)
  A spark wasp (Spider:4)
  Snorg (D:13)
  2 deep elf death magi
  Erolcha (D:11)
  3 deep elf high priests
  24 hydras
  4 vault guards
  An ice dragon (Lair:4)
  A rakshasa (D:14)
  3 shambling mangroves
  5 two-headed ogres
  4 catoblepae (Lair:6)
  A death knight (D:15)
  3 centaur warriors
  8 death scarabs (Spider:4)
  13 alligators
  29 dancing weapons
  4 death yaks (Lair:6)
  An orc high priest (D:12)
  The ghost of Mrkan the Grappler, a novice TrMo of Wu Jian (D:8)
  15 deep elf knights
  2 spriggans (Swamp:2)
  19 slime creatures
  11 skeletal warriors
  A spectral emperor scorpion (Spider:4)
  A large abomination (Elf:1)
  3 unseen horrors
  15 swamp dragons
  2 small abominations (Elf:1)
  2 spriggan druids
  A glowing orange brain (D:15)
  14 deep elf archers
  14 orc knights
  5 spectral wolf spiders (Spider:4)
  A phantasmal warrior (D:15)
  Pikel (D:6)
  10 ugly things
  23 wolf spiders
  50 deep elf magi
  3 orc sorcerers
  4 cyclopes
  13 orb spiders
  2 manticores (Lair:6)
  3 elephants (Lair:6)
  5 moths of wrath
  4 black mambas
  2 torpor snails
  19 spiny frogs
  2 gargoyles
  3 rime drakes
  A kobold demonologist (D:15)
  A rime drake (shapeshifter) (D:15)
  3 spectral redbacks (Spider:4)
  2 efreet
  7 komodo dragons
  4 redback zombies (Spider:4)
  A freezing wraith (D:15)
  2 tengu conjurers (D:14)
  10 demonic crawlers
  22 jumping spiders
  6 trolls
  3 meliai (Spider:3)
  A queen bee (Spider:3)
  2 spectral jumping spiders (Spider:4)
  9 tyrant leeches
  17 hornets
  4 spectral tarantellas (Spider:4)
  A polar bear (Lair:6)
  8 bog bodies
  2 jumping spider zombies (Spider:4)
  4 hippogriffs
  A slime creature (shapeshifter) (D:15)
  A tarantella zombie (Spider:4)
  16 blink frogs
  A redback (shapeshifter) (D:15)
  73 redbacks
  4 water elementals
  4 vampires
  4 air elementals
  41 tarantellas
  5 shadows
  8 fire elementals
  3 fire bats (Lair:2)
  A fire bat (shapeshifter) (D:15)
  44 yaks
  2 hungry ghosts (D:12)
  A wraith (D:13)
  7 basilisks
  2 wyverns
  13 vampire mosquitoes
  7 wargs
  Menkaure (D:7)
  10 insubstantial wisps
  An acid dragon (D:15)
  3 soldier ants
  14 swamp worms
  2 hell hounds (D:13)
  12 porcupines
  12 water moccasins
  66 orc warriors
  A spectral hornet (Spider:4)
  2 slaves (D:6)
  13 swamp drakes
  4 ice beasts
  2 black bears (D:9)
  2 sky beasts
  A necrophage (D:6)
  5 phantoms
  13 ogres
  3 centaurs
  3 wolves (Lair:5)
  10 crocodiles
  4 big kobolds
  9 earth elementals
  18 bullfrogs
  3 gnoll sergeants
  A wyvern skeleton (D:8)
  6 scorpions
  35 killer bees
  11 wights
  4 electric eels
  A howler monkey (D:11)
  8 crimson imps
  2 quasits
  4 hounds
  4 jellies
  3 centaur zombies
  A bullfrog zombie (D:9)
  3 bullfrog skeletons
  15 orc priests
  A gnoll shaman (D:8)
  3 centaur skeletons
  Jessica (D:8)
  3 iguanas
  17 orc wizards
  9 worker ants
  A killer bee zombie (D:8)
  3 worker ant zombies
  Robin (D:3)
  15 gnolls
  15 adders
  5 shadow imps
  2 white imps (Lair:4)
  6 oozes
  2 adder zombies
  An adder skeleton (D:8)
  7 worms
  3 dart slugs
  7 leopard geckos
  103 orcs
  7 giant cockroaches
  15 goblins
  9 hobgoblins
  9 jackals
  20 kobolds
  9 quokkas
  5 ball pythons
  6 bats
  6 frilled lizards
  A quokka skeleton (D:4)
  21 rats
  A fungus (D:9)
1374 creatures vanquished.

Vanquished Creatures (others)
  A very ugly thing (Swamp:3)
  A deep elf annihilator (Elf:3)
  A merfolk javelineer (Elf:2)
  A merfolk impaler (Elf:2)
  A rime drake (Swamp:4)
  A water elemental (Elf:3)
  3 yaks (Lair:6)
  An insubstantial wisp (Swamp:2)
  A scorpion (D:6)
  2 wights (D:14)
  An orc wizard (D:12)
  A worker ant zombie (D:6)
  A jackal skeleton (D:6)
  6 fungi
  7 plants
  6 withered plants (Spider:3)
35 creatures vanquished.

Grand Total: 1409 creatures vanquished

Notes
Turn   | Place    | Note
-------+----------+-------------------------------------------
     0 | D:1      | FluffierThanThou the Minotaur Fighter began the quest for
                  | the Orb.
     0 | D:1      | Reached XP level 1. HP: 19/19 MP: 0/0
    73 | D:1      | Reached XP level 2. HP: 18/27 MP: 1/1
   304 | D:1      | Reached skill level 4 in Fighting
   509 | D:1      | Reached XP level 3. HP: 33/33 MP: 2/2
  1201 | D:2      | Reached XP level 4. HP: 40/40 MP: 3/3
  1791 | D:3      | Reached XP level 5. HP: 47/47 MP: 4/4
  2008 | D:3      | Noticed Robin
  2018 | D:3      | Killed Robin
  2074 | D:3      | Found a stormy altar of Qazlal.
  2075 | D:3      | Noticed a fire elemental
  2077 | D:3      | Noticed an air elemental
  2078 | D:3      | Noticed a water elemental
  2170 | D:3      | Found a white marble altar of Elyvilon.
  2345 | D:4      | Reached skill level 5 in Fighting
  2375 | D:4      | Found an opulent altar of Gozag.
  2378 | D:4      | Reached skill level 5 in Armour
  2378 | D:4      | Reached skill level 5 in Shields
  2401 | D:4      | Reached XP level 6. HP: 45/56 MP: 5/5
  2625 | D:4      | Found an ancient bone altar of Kikubaaqudgha.
  2925 | D:4      | Reached skill level 5 in Long Blades
  2932 | D:4      | Found a shimmering altar of Xom.
  2933 | D:4      | Found a blossoming altar of Fedhas.
  2999 | D:4      | Found a bloodstained altar of Trog.
  3066 | D:5      | Entered Level 5 of the Dungeon
  3069 | D:5      | Noticed a two-headed ogre
  3080 | D:5      | Killed a two-headed ogre
  3080 | D:5      | Reached skill level 6 in Fighting
  3080 | D:5      | Reached XP level 7. HP: 47/64 MP: 6/6
  3080 | D:5      | Reached XP level 8. HP: 52/71 MP: 7/7
  3134 | D:5      | Found a glowing drain.
  3143 | Sewer    | Entered a sewer
  3189 | Sewer    | Reached skill level 7 in Fighting
  3783 | D:5      | Found Ikloaj's General Store.
  3791 | D:5      | Bought a scroll of teleportation for 36 gold pieces
  3791 | D:5      | Bought a scroll of identify for 24 gold pieces
  4017 | D:6      | Noticed Pikel
  4039 | D:6      | Killed Pikel
  4066 | D:6      | Found a hazy altar of Hepliaklqana.
  4066 | D:6      | Found a glowing silver altar of Zin.
  4167 | D:6      | Reached skill level 8 in Fighting
  4167 | D:6      | Reached XP level 9. HP: 81/81 MP: 8/8
  4952 | D:7      | Found a shadowy altar of Dithmenos.
  5072 | D:7      | Found a staircase to the Ecumenical Temple.
  5087 | Temple   | Entered the Ecumenical Temple
  5199 | Temple   | Became a worshipper of Warmaster Okawaru
  5297 | D:7      | Noticed Menkaure
  5315 | D:7      | Killed Menkaure
  5372 | D:7      | Reached skill level 9 in Fighting
  5421 | D:7      | Found an ornate altar of the Wu Jian Council.
  5470 | D:7      | Noticed an ice statue
  5597 | D:8      | Reached * piety under Okawaru
  6247 | D:8      | Reached XP level 10. HP: 57/91 MP: 9/9
  6393 | D:8      | Noticed Jessica
  6401 | D:8      | Found a deep blue altar of Sif Muna.
  6415 | D:8      | Killed Jessica
  6563 | D:8      | Identified the cursed +0 ring mail of Salvation {+Fly rC+}
  6563 | D:8      | Identified the +5 shield "Sizuc" {Int+4 Dex+4}
  6571 | D:8      | Noticed Mrkan's ghost (novice TrMo)
  6591 | D:8      | Found a transporter.
  6596 | D:8      | Found a transporter.
  6632 | D:8      | Identified the ring "Neocso" {rC+ MR+ Dex+4}
  6675 | D:8      | Reached ** piety under Okawaru
  6695 | D:8      | Killed Mrkan's ghost
  7089 | D:8      | Reached skill level 10 in Fighting
  7218 | D:9      | Reached skill level 10 in Shields
  7226 | D:9      | Reached *** piety under Okawaru
  7290 | D:9      | Reached skill level 10 in Armour
  7312 | D:9      | Found a staircase to the Lair.
  7403 | D:9      | Found a flagged portal.
  7414 | Bailey   | Entered a bailey
  7642 | Bailey   | Noticed an orc knight
  7694 | Bailey   | Got a transparent crystal plate armour
  7720 | Bailey   | Identified the +11 crystal plate armour of the Stars {+Inv}
                  | (You found it in a bailey)
  7731 | Bailey   | Noticed an orc knight
  7754 | Bailey   | Killed an orc knight
  7754 | Bailey   | Reached skill level 11 in Fighting
  7754 | Bailey   | Reached skill level 5 in Invocations
  7754 | Bailey   | Reached XP level 11. HP: 61/102 MP: 11/13
  7961 | D:9      | Reached skill level 10 in Long Blades
  7991 | D:9      | Reached **** piety under Okawaru
  8094 | D:9      | Reached skill level 1 in Evocations
  8156 | D:10     | Entered Level 10 of the Dungeon
  8212 | D:10     | Received a gift from Okawaru
  8897 | D:11     | Noticed a six-headed hydra
  8935 | D:11     | Noticed a five-headed hydra
  8958 | D:10     | Received a gift from Okawaru
  9000 | D:11     | Noticed a brown ugly thing
  9017 | D:11     | Killed a brown ugly thing
  9076 | D:11     | Killed a 12-headed hydra
  9104 | D:11     | Reached skill level 12 in Fighting
  9118 | D:11     | Found a staircase to the Orcish Mines.
  9124 | D:11     | Found Luoqoal's Magic Scroll Emporium.
  9125 | D:11     | Got a crude rapier
  9126 | D:11     | Identified the +10 rapier "Qyosm" {elec, Int+3} (You found
                  | it on level 11 of the Dungeon)
  9166 | D:11     | Killed an unseen horror
  9212 | D:11     | Bought a scroll of enchant weapon for 90 gold pieces
  9212 | D:11     | Bought a scroll of remove curse for 36 gold pieces
  9299 | D:11     | Noticed Erolcha
  9303 | D:11     | Killed Erolcha
  9303 | D:11     | Reached ***** piety under Okawaru
  9400 | D:11     | Killed an unseen horror
  9418 | D:11     | Reached XP level 12. HP: 113/113 MP: 16/16
  9454 | D:11     | Killed a six-headed hydra
  9920 | D:12     | Noticed a two-headed ogre
  9927 | D:12     | Received a gift from Okawaru
  9927 | D:12     | Reached skill level 13 in Fighting
  9930 | D:12     | Killed a two-headed ogre
  9939 | D:12     | Got a warped war axe
  9940 | D:12     | Identified the +6 war axe of the Land of Plenty {freeze,
                  | rElec rC- Int+3 Stlth+} (You found it on level 12 of the
                  | Dungeon)
  9975 | D:12     | Noticed an orc warlord
  9999 | D:12     | Killed an orc warlord
 10025 | D:12     | Noticed a two-headed ogre
 10032 | D:12     | Killed a two-headed ogre
 10141 | D:12     | Found a roughly hewn altar of Beogh.
 10151 | D:12     | Noticed an orc high priest
 10192 | D:12     | Killed an orc high priest
 10267 | D:12     | Reached XP level 13. HP: 63/123 MP: 17/19
 10584 | D:12     | Reached skill level 14 in Fighting
 10584 | D:12     | Reached skill level 5 in Evocations
 10780 | Lair:1   | Entered Level 1 of the Lair of Beasts
 10982 | Lair:1   | Got a coiled marble ring
 11079 | Lair:1   | Identified the ring of the Lich-sworn {+Inv rPois MR+} (You
                  | found it on level 1 of the Lair of Beasts)
 11925 | Lair:2   | Found a dark tunnel.
 11937 | Volcano  | Entered a volcano
 11969 | Volcano  | Received a gift from Okawaru
 11972 | Volcano  | Got a crystal shortbow {god gift}
 11978 | Volcano  | Reached skill level 10 in Invocations
 12124 | Volcano  | Noticed a stone giant
 12133 | Volcano  | Killed a stone giant
 12264 | Lair:2   | Found a hole to the Spider Nest.
 12598 | Lair:2   | Found a staircase to the Swamp.
 12980 | Lair:3   | Reached skill level 15 in Fighting
 14011 | Lair:5   | Received a gift from Okawaru
 14011 | Lair:5   | Reached ****** piety under Okawaru
 14011 | Lair:5   | Reached skill level 1 in Short Blades
 14223 | Lair:5   | Received a gift from Okawaru
 14237 | Lair:5   | Identified a +0 pair of boots of running (Okawaru gifted it
                  | to you on level 5 of the Lair of Beasts)
 14755 | Lair:6   | Entered Level 6 of the Lair of Beasts
 14844 | Lair:6   | Reached skill level 16 in Fighting
 14864 | Lair:6   | Got a scintillating platinum amulet
 14865 | Lair:6   | Identified the amulet "Ola Dad" {Acrobat rElec MR++} (You
                  | found it on level 6 of the Lair of Beasts)
 14910 | Lair:6   | Reached XP level 14. HP: 108/137 MP: 20/20
 15036 | Lair:6   | Found a staircase to the Slime Pits.
 15067 | Lair:6   | Reached skill level 5 in Short Blades
 15215 | Lair:6   | Noticed Rupert
 15234 | Lair:6   | Killed Rupert
 15296 | Lair:6   | Received a gift from Okawaru
 15417 | Lair:6   | Reached skill level 17 in Fighting
 15430 | Lair:6   | Found a blossoming altar of Fedhas.
 16107 | D:13     | Noticed Azrael
 16132 | D:13     | Killed Azrael
 16170 | D:13     | Noticed Frances
 16185 | D:13     | Killed Frances
 16232 | D:13     | Noticed Snorg
 16243 | D:13     | Killed Snorg
 16243 | D:13     | Received a gift from Okawaru
 16319 | D:13     | Paralysed by a hornet for 3 turns
 16944 | D:14     | Found a gate to the Vaults.
 16997 | D:14     | Reached XP level 15. HP: 127/149 MP: 21/21
 17471 | D:15     | Entered Level 15 of the Dungeon
 17671 | D:15     | Found a staircase to the Depths.
 17684 | D:15     | Reached skill level 18 in Fighting
 17782 | D:15     | Got a steaming robe
 17918 | D:15     | Reached skill level 10 in Short Blades
 18096 | D:15     | Received a gift from Okawaru
 18186 | D:15     | Found a portal to a secret trove of treasure.
 18389 | Orc:1    | Entered Level 1 of the Orcish Mines
 18894 | Orc:2    | Entered Level 2 of the Orcish Mines
 18933 | Orc:2    | Reached skill level 15 in Shields
 19190 | Orc:2    | Found a roughly hewn altar of Beogh.
 19229 | Orc:2    | Reached skill level 15 in Armour
 19432 | Orc:2    | Found Buzuck's Magic Scroll Boutique.
 19432 | Orc:2    | Found Bioviucw's Book Emporium.
 19532 | Orc:2    | Found a staircase to the Elven Halls.
 19644 | Orc:2    | Found Bocverchupn's Food Boutique.
 19644 | Orc:2    | Found Ary Idubli's Distillery.
 19654 | Orc:2    | Received a gift from Okawaru
 19823 | Elf:1    | Entered Level 1 of the Elven Halls
 20226 | Swamp:1  | Entered Level 1 of the Swamp
 20937 | Swamp:1  | Reached XP level 16. HP: 137/159 MP: 19/22
 20980 | Swamp:1  | Received a gift from Okawaru
 22203 | Swamp:2  | Identified Keminodgh's Grimoire of Mutagenic Boosts
 22311 | Swamp:2  | Found a runed translucent gate.
 22311 | Swamp:2  | Found a runed translucent gate.
 22311 | Swamp:2  | Found a runed translucent gate.
 22311 | Swamp:2  | Noticed Svkov's ghost (adept SpEn)
 22327 | Swamp:2  | Killed Svkov's ghost
 22332 | Swamp:2  | Got an iridescent scimitar
 22333 | Swamp:2  | Identified the +9 scimitar "Beetleslayer" {protect, rElec
                  | rC- MR+++} (You found it on level 2 of the Swamp)
 22909 | Swamp:3  | Received a gift from Okawaru
 23643 | Swamp:4  | Entered Level 4 of the Swamp
 23786 | Swamp:4  | Reached skill level 19 in Fighting
 24639 | Swamp:4  | Reached XP level 17. HP: 149/168 MP: 21/24
 24748 | Swamp:4  | Found a runed translucent gate.
 24752 | Swamp:4  | Found a runed translucent gate.
 24752 | Swamp:4  | Noticed gre3edy's ghost (adept DsGl)
 24753 | Swamp:4  | Found a runed translucent gate.
 24798 | Swamp:4  | Killed gre3edy's ghost
 24935 | Swamp:4  | Got a decaying rune of Zot
 25338 | Spider:1 | Entered Level 1 of the Spider Nest
 25653 | Spider:1 | Received a gift from Okawaru
 27074 | Spider:2 | Received a gift from Okawaru
 27843 | Spider:3 | Noticed Jorgrun
 27861 | Spider:3 | Killed Jorgrun
 28003 | Spider:3 | Noticed Arachne
 28030 | Spider:3 | Killed Arachne
 28694 | Spider:3 | Noticed Bai Suzhen
 28716 | Spider:3 | Killed Bai Suzhen
 28716 | Spider:3 | Reached skill level 15 in Long Blades
 28751 | Spider:3 | Found a runed translucent gate.
 29229 | Spider:3 | Found a runed translucent gate.
 29230 | Spider:3 | Found a runed translucent gate.
 29230 | Spider:3 | Noticed Tugamomp's ghost (adept MiFi)
 29232 | Spider:3 | Noticed CedricTheThird's ghost (adept DDMo)
 29443 | Spider:3 | Killed CedricTheThird's ghost
 29494 | Spider:3 | Killed Tugamomp's ghost
 29756 | Spider:4 | Entered Level 4 of the Spider Nest
 29767 | Spider:4 | Received a gift from Okawaru
 29767 | Spider:4 | Reached XP level 18. HP: 178/178 MP: 26/26
 30322 | Spider:4 | Received a gift from Okawaru
 30325 | Spider:4 | Got a translucent ring mail {god gift}
 30336 | Spider:4 | Identified the +1 ring mail of the Slug {rPois MR- rCorr
                  | Dex+3} (Okawaru gifted it to you on level 4 of the Spider
                  | Nest)
 30526 | Spider:4 | Got a coiled brass amulet
 30528 | Spider:4 | Identified the amulet of Kisi {Gourm rElec rPois} (You
                  | found it on level 4 of the Spider Nest)
 30608 | Spider:4 | Reached skill level 20 in Fighting
 30751 | Spider:4 | Got a gossamer rune of Zot
 32268 | Elf:2    | Found Tan Weqy's Assorted Antiques.
 32277 | Elf:2    | Received a gift from Okawaru
 32280 | Elf:2    | Got a smoking rapier {god gift}
 32281 | Elf:2    | Identified the +5 rapier of the Shrike {pierce, rF+ Int+2}
                  | (Okawaru gifted it to you on level 2 of the Elven Halls)
 32316 | Elf:2    | Reached skill level 10 in Evocations
 32647 | Elf:2    | Found a runed translucent gate.
 32647 | Elf:2    | Found a runed translucent gate.
 32647 | Elf:2    | Noticed Kyerol's ghost (adept TeSu)
 32648 | Elf:2    | Found a runed translucent gate.
 32649 | Elf:2    | Found an iron altar of Okawaru.
 32670 | Elf:2    | Killed Kyerol's ghost
 32961 | Elf:2    | Reached XP level 19. HP: 149/187 MP: 28/28
 33212 | Elf:2    | Found a runed translucent gate.
 33212 | Elf:2    | Found a runed translucent gate.
 33212 | Elf:2    | Found a runed translucent gate.
 33289 | Elf:2    | Received a gift from Okawaru
 34218 | Elf:3    | Entered Level 3 of the Elven Halls
 34425 | Elf:3    | Gained mutation: You are weak. (Str -2) [mutagenic glow]
 34567 | Elf:3    | Found Aquelug's Gadget Shop.
 34567 | Elf:3    | Found Yxocsotu's Jewellery Shoppe.
 34568 | Elf:3    | Found Lawker's Gadget Shop.
 34764 | Elf:3    | Received a gift from Okawaru
 34818 | Elf:3    | Reached skill level 21 in Fighting
 35058 | Elf:3    | Identified the +5 morningstar "Meosmuta" {crush, rN+}
 35059 | Elf:3    | Identified the +7 quarterstaff "Ziuck" {crush, rElec rF++
                  | rN+}
 35074 | Elf:3    | Noticed a Tzitzimitl
 35085 | Elf:3    | Killed from afar by a soul eater

Skill      XL: |  1  2  3  4  5  6  7  8  9 10 11 12 13 14 15 16 17 18 19 |
---------------+----------------------------------------------------------+-----
Fighting       | 4 5 6 8 9 11 12 13 16 17 18 19 20 21 | 21.0
Armour         | 4 5 6 7 9 10 11 13 14 15 16 17 18 | 18.4
Shields        | 4 5 6 8 9 10 11 12 13 14 15 | 15.0
Long Blades    | 3 4 6 7 9 10 11 13 15 16 17 | 17.0
Invocations    | 5 7 9 10 11 12 13 14 | 14.2
Evocations     | 3 4 5 6 7 8 10 | 10.0
Short Blades   | 4 9 11 12 | 12.4

Action                   |  1- 3 |  4- 6 |  7- 9 | 10-12 | 13-15 | 16-18 | 19-21 || total
-------------------------+-------+-------+-------+-------+-------+-------+-------++-------
Melee: Long sword        |    86 |   167 |   382 |   570 |       |       |       ||  1205
       Headbutt          |    11 |    30 |    73 |   225 |   335 |   543 |    75 ||  1292
       Rapier            |       |       |       |   238 |  1411 |   194 |       ||  1843
       Scimitar          |       |       |       |       |       |  1753 |   323 ||  2076
Invok: Heroism           |       |       |     1 |    19 |    23 |    37 |     6 ||    86
       Finesse           |       |       |       |     3 |     2 |    10 |     2 ||    17
 Abil: Evoke Invisibilit |       |       |       |       |       |     1 |     5 ||     6
  Use: Potion            |       |     1 |     3 |     6 |     2 |    12 |     2 ||    26
       Scroll            |       |       |     9 |     2 |     8 |    11 |     2 ||    32
 Stab: Petrifying        |       |       |       |       |     2 |       |       ||     2
       Petrified         |       |       |       |       |     1 |       |       ||     1
       Confused          |       |       |       |       |       |     3 |       ||     3
       Distracted        |       |       |       |       |       |     1 |       ||     1
       Invisible         |       |       |       |       |       |     7 |       ||     7
  Eat: Chunk             |     1 |     6 |    11 |    12 |    29 |    28 |     1 ||    88
       Ration            |       |       |       |     1 |     2 |     6 |       ||     9
Armor: Scale mail        |    10 |       |       |       |       |       |       ||    10
       Chain mail        |    35 |    98 |   171 |   111 |       |       |       ||   415
       Crystal plate arm |       |       |       |   383 |   552 |  2000 |   132 ||  3067
Dodge: Dodged            |    27 |    42 |    69 |   180 |   215 |   781 |    86 ||  1400
Block: Shield            |    47 |    91 |   191 |   641 |   650 |  1859 |   149 ||  3628
       Reflection        |       |       |       |     7 |    24 |    30 |    19 ||    80
       Rpst.: Long sword |     7 |    11 |    17 |    37 |       |       |       ||    72
       Scimitar          |       |       |       |       |       |   117 |    19 ||   136
